AoeStats
← Kubya

Four Lakes

508937372Analyzed
1v1 RM · 7d ago on Sep 24, 2026· 30m 12s· 2 players
Game mode
Random Map
Map size
Tiny (2 player)
Population
200
Speed
Normal
Resources
Standard
Victory
Conquest
Starting age
Dark Age
Ending age
Imperial Age
RankedLock teamsTeams togetherTeam positionsShared explorationLock speedFull tech treeHidden civsTurbo modeCheats
Victory
Defeat
🇸🇪 Varangians · Sweden
1541
+17
🇨🇳 Goths · China
1571
-17
Kubya
6:03 Loom
9:45 Feudal Age
10:34 Double-Bit Axe
11:50 Bloodlines
13:00 Forging
13:54 Scale Barding Armor
14:19 Fishing Lines
22:00 Castle Age
21:32 Town Watch
22:13 Scale Mail Armor
22:44 Squires
24:58 Gillnets
27:29 Gambesons
27:29 Arson
29:13 Horse Collar
30:11 Heavy Plow
CTO
10:33 Feudal Age
10:26 Loom
11:27 Double-Bit Axe
11:40 Man-at-Arms
20:07 Castle Age
18:33 Horse Collar
20:07 Forging
20:11 Pikeman
21:52 Bow Saw
21:51 Stone Mining
23:05 Scale Mail Armor
23:35 Long Swordsman
25:20 Chain Mail Armor
28:55 Fletching
Connection lost

Rejoining the realm…

Still unreachable

The connection could not be restored.

Session expired

The server has moved on; the page needs a fresh start.